| TOP OF THE 1ST |
|
Cleveland Guardians batting - Pitching for Los Angeles Angels : LHP Rod Swift
|
|
Pitching: LHP Rod Swift
|
|
|
Batting: RHB Cecilio Aybar
|
0-0: Called Strike 0-1: Ball 1-1: Ball 2-1: Called Strike 2-2: Foul Ball, location: 7LMF 2-2: SINGLE (Groundball, 34D, EV 95.0 MPH)
|
|
Batting: RHB Juan Martínez
|
0-0: Ball Cecilio Aybar steals 2nd, throwing error, E2 Cecilio Aybar to third 1-0: Ball 2-0: Fly out, F8 (Line Drive, 8RM, EV 92.5 MPH) Runner from 3rd tags up, SCORES, no throw by CF
|
|
Batting: RHB Ernie Jones
|
0-0: Ball 1-0: Ground out 6-3 (Groundball, 6, EV 80.6 MPH)
|
|
Batting: RHB Vladimir Guerrero Jr.
|
0-0: Ball 1-0: Foul Ball, location: 5DF 1-1: Swinging Strike 1-2: Foul Ball, location: 9LSF 1-2: Ball 2-2: Strikes out swinging
|
| Top of the 1st over - 1 run, 1 hit, 1 error, 0 left on base; Cleveland 1 - Los Angeles 0 |
| BOTTOM OF THE 1ST |
|
Los Angeles Angels batting - Pitching for Cleveland Guardians : RHP Sandor Visser
|
|
Pitching: RHP Sandor Visser
|
|
|
Batting: SHB Ozhaino Albies
|
0-0: Ball 1-0: Foul Ball, location: 2F 1-1: Fly out, F8 (Line Drive, 8LM, EV 104.4 MPH)
|
|
Batting: RHB Mike Trout
|
0-0: Ball 1-0: Fly out, F5 (Line Drive, 5L, EV 101.3 MPH)
|
|
Batting: SHB Augusto Ramírez
|
0-0: Ball 1-0: Ground out 6-3 (Groundball, 4M, EV 104.4 MPH)
|
| Bottom of the 1st over - 0 runs, 0 hits, 0 errors, 0 left on base; Cleveland 1 - Los Angeles 0 |
| TOP OF THE 2ND |
|
Cleveland Guardians batting - Pitching for Los Angeles Angels : LHP Rod Swift
|
|
Batting: RHB Liam Thompson
|
0-0: Ball 1-0: Ball 2-0: Foul Ball, location: 2F 2-1: Ground out 6-3 (Groundball, 6S, EV 93.8 MPH)
|
|
Batting: RHB Juan González
|
0-0: Foul Ball, location: 2LF 0-1: Fly out, F8 (Flyball, 78M, EV 90.0 MPH)
|
|
Batting: LHB José Álvarez
|
0-0: Ball 1-0: Ball 2-0: Called Strike 2-1: Ball 3-1: Foul Ball, location: 5F 3-2: Strikes out swinging
|
| Top of the 2nd over - 0 runs, 0 hits, 0 errors, 0 left on base; Cleveland 1 - Los Angeles 0 |
| BOTTOM OF THE 2ND |
|
Los Angeles Angels batting - Pitching for Cleveland Guardians : RHP Sandor Visser
|
|
Batting: RHB Giancarlo Stanton
|
0-0: Ball 1-0: Called Strike 1-1: Swinging Strike 1-2: Ball 2-2: Strikes out swinging
|
|
Batting: SHB Jurickson Profar
|
0-0: Ball 1-0: Ball 2-0: Called Strike 2-1: SINGLE (Groundball, 4D, EV 104.4 MPH)
|
|
Batting: RHB Luis Roa
|
0-0: Ball 1-0: Ball 2-0: Foul Ball, location: 2LF 2-1: Swinging Strike 2-2: Foul Ball, location: 3FF 2-2: DOUBLE (Line Drive, 78D, EV 98.1 MPH) Jurickson Profar to third
|
|
Batting: LHB Joey Gallo
|
0-0: Ball 1-0: Fly out, F5 (Popup, 5SF, EV 68.8 MPH)
|
|
Batting: RHB Mitch Trees
|
0-0: Ground out 4-3 (Groundball, 4D, EV 99.4 MPH)
|
| Bottom of the 2nd over - 0 runs, 2 hits, 0 errors, 2 left on base; Cleveland 1 - Los Angeles 0 |
| TOP OF THE 3RD |
|
Cleveland Guardians batting - Pitching for Los Angeles Angels : LHP Rod Swift
|
|
Batting: RHB Ben Ramsey
|
0-0: Ground out 6-3 (Groundball, 6, EV 75.6 MPH)
|
|
Batting: LHB Joe Young
|
0-0: SINGLE (Line Drive, 9LS, EV 93.1 MPH)
|
|
Batting: RHB Cecilio Aybar
|
0-0: Called Strike 0-1: Called Strike 0-2: Ball 1-2: Strikes out swinging
|
|
Batting: RHB Juan Martínez
|
0-0: Foul Ball, location: 2F 0-1: Ball 1-1: Swinging Strike 1-2: Ball Wild Pitch! Joe Young to second 2-2: Ball 3-2: Strikes out looking
|
| Top of the 3rd over - 0 runs, 1 hit, 0 errors, 1 left on base; Cleveland 1 - Los Angeles 0 |
| BOTTOM OF THE 3RD |
|
Los Angeles Angels batting - Pitching for Cleveland Guardians : RHP Sandor Visser
|
|
Batting: LHB Isranel Wilson
|
0-0: Called Strike 0-1: Ground out 6-3 (Groundball, 6, EV 88.1 MPH)
|
|
Batting: SHB Ozhaino Albies
|
0-0: Called Strike 0-1: Swinging Strike 0-2: Ball 1-2: Ground out U3 (Groundball, 34, EV 100.6 MPH)
|
|
Batting: RHB Mike Trout
|
0-0: Called Strike 0-1: Called Strike 0-2: Ball 1-2: SINGLE (Groundball, 34D, EV 107.5 MPH)
|
|
Batting: SHB Augusto Ramírez
|
0-0: Called Strike Mike Trout steals 2nd base 0-1: Fly out, F4 (Line Drive, 34, EV 72.5 MPH)
|
| Bottom of the 3rd over - 0 runs, 1 hit, 0 errors, 1 left on base; Cleveland 1 - Los Angeles 0 |
| TOP OF THE 4TH |
|
Cleveland Guardians batting - Pitching for Los Angeles Angels : LHP Rod Swift
|
|
Batting: RHB Ernie Jones
|
0-0: Swinging Strike 0-1: Ball 1-1: Called Strike 1-2: Foul Ball, location: 5F 1-2: Strikes out swinging
|
|
Batting: RHB Vladimir Guerrero Jr.
|
0-0: Ball 1-0: Called Strike 1-1: Ball 2-1: Foul Ball, location: 23F 2-2: Ball 3-2: Fly out, F8 (Line Drive, 8RM, EV 84.4 MPH)
|
|
Batting: RHB Liam Thompson
|
0-0: Ball 1-0: SOLO HOME RUN (Flyball, 89XD, EV 94.4 MPH), Distance : 383 ft
|
|
Batting: RHB Juan González
|
0-0: Called Strike 0-1: Called Strike 0-2: Ball 1-2: Ball 2-2: Foul Ball, location: 25F 2-2: Ball 3-2: Ground out 4-3 (Groundball, 34, EV 100.6 MPH)
|
| Top of the 4th over - 1 run, 1 hit, 0 errors, 0 left on base; Cleveland 2 - Los Angeles 0 |
| BOTTOM OF THE 4TH |
|
Los Angeles Angels batting - Pitching for Cleveland Guardians : RHP Sandor Visser
|
|
Batting: RHB Giancarlo Stanton
|
0-0: Called Strike 0-1: Swinging Strike 0-2: Ball 1-2: Ball 2-2: SINGLE (Groundball, 34D, EV 94.4 MPH)
|
|
Batting: SHB Jurickson Profar
|
0-0: SINGLE (Line Drive, 9LS, EV 93.1 MPH) Giancarlo Stanton to second
|
|
Batting: RHB Luis Roa
|
0-0: SINGLE (Groundball, 56D, EV 98.8 MPH) Giancarlo Stanton to third Jurickson Profar to second Runner from 3rd tries for Home, SAFE, throw by LF to home
|
|
Batting: LHB Joey Gallo
|
0-0: Ball 1-0: Ball 2-0: Ball 3-0: Base on Balls Jurickson Profar to third Luis Roa to second
|
|
Batting: RHB Mitch Trees
|
0-0: Ball 1-0: Called Strike 1-1: Fly out, F7 (Line Drive, 7S, EV 109.4 MPH)
|
|
Batting: LHB Isranel Wilson
|
0-0: Called Strike 0-1: Swinging Strike 0-2: Ball 1-2: Strikes out swinging
|
|
Batting: SHB Ozhaino Albies
|
0-0: SINGLE (Line Drive, 78M, EV 104.4 MPH) Jurickson Profar scores Luis Roa to third Joey Gallo to second Runner from 3rd tries for Home, SAFE, throw by LF to home
|
|
Batting: RHB Mike Trout
|
0-0: Fielders Choice at 2nd, 5-4 (Groundball, 56, EV 102.5 MPH)
|
| Bottom of the 4th over - 3 runs, 4 hits, 0 errors, 2 left on base; Cleveland 2 - Los Angeles 3 |
| TOP OF THE 5TH |
|
Cleveland Guardians batting - Pitching for Los Angeles Angels : LHP Rod Swift
|
|
Batting: LHB José Álvarez
|
0-0: Ball 1-0: Called Strike 1-1: Fly out, F9 (Flyball, 9S, EV 88.8 MPH)
|
|
Batting: RHB Ben Ramsey
|
0-0: Ball 1-0: Swinging Strike 1-1: Called Strike 1-2: Ground out 5-3 (Groundball, 5S, EV 68.8 MPH)
|
|
Batting: LHB Joe Young
|
0-0: Foul Ball, location: 2LF 0-1: Ball 1-1: Fly out, F8 (Flyball, 8RD, EV 93.1 MPH)
|
| Top of the 5th over - 0 runs, 0 hits, 0 errors, 0 left on base; Cleveland 2 - Los Angeles 3 |
| BOTTOM OF THE 5TH |
|
Los Angeles Angels batting - Pitching for Cleveland Guardians : RHP Sandor Visser
|
|
Batting: SHB Augusto Ramírez
|
0-0: Called Strike 0-1: DOUBLE (Line Drive, 9LS, EV 86.3 MPH)
|
|
Batting: RHB Giancarlo Stanton
|
0-0: Ball 1-0: Foul Ball, location: 9LSF 1-1: Foul Ball, location: 9LMFF 1-2: Strikes out looking
|
|
Batting: SHB Jurickson Profar
|
0-0: Called Strike 0-1: Called Strike Augusto Ramírez steals 3rd base 0-2: Ball 1-2: Foul Ball, location: 5F 1-2: Foul Ball, location: 5FF 1-2: Fly out, F6 (Popup, 6MD, EV 60.0 MPH)
|
|
Batting: RHB Luis Roa
|
0-0: Intentional Walk
|
|
Batting: LHB Joey Gallo
|
0-0: Ball 1-0: Called Strike 1-1: Swinging Strike 1-2: Ball 2-2: Ball 3-2: Strikes out looking
|
| Bottom of the 5th over - 0 runs, 1 hit, 0 errors, 2 left on base; Cleveland 2 - Los Angeles 3 |
| TOP OF THE 6TH |
|
Cleveland Guardians batting - Pitching for Los Angeles Angels : LHP Rod Swift
|
|
Batting: RHB Cecilio Aybar
|
0-0: Foul Ball, location: 23F 0-1: Ball 1-1: Called Strike 1-2: Ball 2-2: Ball 3-2: Base on Balls
|
|
Batting: RHB Juan Martínez
|
0-0: Ball 1-0: Fly out, F9 (Line Drive, 9, EV 95.6 MPH)
|
|
Batting: RHB Ernie Jones
|
0-0: Foul Ball, location: 2F 0-1: Ball 1-1: Grounds into double play, 5-4-3 (Groundball, 56, EV 78.1 MPH)
|
| Top of the 6th over - 0 runs, 0 hits, 0 errors, 0 left on base; Cleveland 2 - Los Angeles 3 |
| BOTTOM OF THE 6TH |
|
Los Angeles Angels batting - Pitching for Cleveland Guardians : RHP Sandor Visser
|
|
Batting: RHB Mitch Trees
|
0-0: Ball 1-0: Ball 2-0: Ball 3-0: Called Strike 3-1: Foul Ball, location: 2F 3-2: DOUBLE (Flyball, 78D, EV 95.6 MPH)
|
|
Batting: LHB Isranel Wilson
|
0-0: Ball 1-0: Foul Ball, location: 7LDF 1-1: Foul Ball, location: 2F 1-2: Ball 2-2: Ball 3-2: Base on Balls
|
|
Batting: SHB Ozhaino Albies
|
0-0: Called Strike 0-1: Fly out, F8 (Flyball, 78D, EV 94.4 MPH) Runner from 2nd tags up, SAFE at 3rd with throw by CF
|
|
Batting: RHB Mike Trout
|
0-0: Called Strike 0-1: Fly out, F3 (Popup, 3S, EV 80.6 MPH)
|
|
Batting: SHB Augusto Ramírez
|
0-0: Foul Ball, location: 25FF 0-1: Foul Ball, location: 9LSF 0-2: Foul Ball, location: 7LDF 0-2: Foul Ball, location: 2LF 0-2: Ball 1-2: Ball 2-2: Ball 3-2: Base on Balls Isranel Wilson to second
|
|
Batting: RHB Giancarlo Stanton
|
0-0: Fielders Choice at 2nd, 6-4 (Groundball, 6, EV 107.5 MPH)
|
| Bottom of the 6th over - 0 runs, 1 hit, 0 errors, 3 left on base; Cleveland 2 - Los Angeles 3 |
| TOP OF THE 7TH |
|
Cleveland Guardians batting - Pitching for Los Angeles Angels : LHP Rod Swift
|
|
Pitching: LHP Kevin Phillips
|
|
|
Batting: RHB Vladimir Guerrero Jr.
|
0-0: Foul Ball, location: 3F 0-1: Ball 1-1: Foul Ball, location: 7LSFF 1-2: Fly out, F6 (Line Drive, 6MD, EV 75.0 MPH)
|
|
Batting: RHB Liam Thompson
|
0-0: Ball 1-0: Fly out, F8 (Flyball, 8LS, EV 91.3 MPH)
|
|
Batting: RHB Juan González
|
0-0: Ball 1-0: Reached on error, E5 (Groundball, 56S, EV 62.5 MPH)
|
|
Pinch Hitting: RHB Jesús Castro
|
0-0: Called Strike 0-1: Ball 1-1: Foul Ball, location: 2LF 1-2: Ball 2-2: Foul Ball, location: 5F 2-2: Strikes out looking
|
| Top of the 7th over - 0 runs, 0 hits, 1 error, 1 left on base; Cleveland 2 - Los Angeles 3 |
| BOTTOM OF THE 7TH |
|
Los Angeles Angels batting - Pitching for Cleveland Guardians : RHP Sandor Visser
|
|
Pitching: RHP Rodolfo Villasmil
|
|
|
Now in LF: Jesús Castro
|
|
|
Batting: SHB Jurickson Profar
|
0-0: DOUBLE (Flyball, 8LXD, EV 109.4 MPH)
|
|
Batting: RHB Luis Roa
|
0-0: Intentional Walk
|
|
Pinch Runner at 2nd Myron Gómes:
|
|
|
Batting: LHB Joey Gallo
|
0-0: 3-RUN HOME RUN (Flyball, 7LD, EV 94.4 MPH), Distance : 345 ft
|
|
Pitching: RHP Andy Walker
|
|
|
Batting: RHB Mitch Trees
|
0-0: Fly out, F9 (Flyball, 89M, EV 74.4 MPH)
|
|
Batting: LHB Isranel Wilson
|
0-0: Called Strike 0-1: Fly out, F8 (Line Drive, 8RD, EV 98.1 MPH)
|
|
Batting: SHB Ozhaino Albies
|
0-0: Ball 1-0: Ground out 4-3 (Groundball, 4, EV 86.3 MPH)
|
| Bottom of the 7th over - 3 runs, 2 hits, 0 errors, 0 left on base; Cleveland 2 - Los Angeles 6 |
| TOP OF THE 8TH |
|
Cleveland Guardians batting - Pitching for Los Angeles Angels : LHP Kevin Phillips
|
|
Pitching: RHP Derek Henderson
|
|
|
Now at 3B: Pedro A. Gonzalez
|
|
|
Now in LF: Augusto Ramírez
|
|
|
Now in RF: Starling Heredia
|
|
|
Batting: RHB Ben Ramsey
|
0-0: Ball 1-0: SINGLE (Groundball, 34D, EV 97.5 MPH)
|
|
Batting: LHB Joe Young
|
0-0: Grounds into double play, 5-4-3 (Groundball, 6, EV 86.3 MPH)
|
|
Batting: RHB Cecilio Aybar
|
0-0: Called Strike 0-1: Foul Ball, location: 5DF 0-2: Ball 1-2: Strikes out swinging
|
| Top of the 8th over - 0 runs, 1 hit, 0 errors, 0 left on base; Cleveland 2 - Los Angeles 6 |
| BOTTOM OF THE 8TH |
|
Los Angeles Angels batting - Pitching for Cleveland Guardians : RHP Andy Walker
|
|
Batting: RHB Starling Heredia
|
0-0: Foul Ball, location: 2F 0-1: Ball 1-1: Ball 2-1: Ball 3-1: Called Strike 3-2: Strikes out swinging
|
|
Batting: SHB Augusto Ramírez
|
0-0: Called Strike 0-1: Ball 1-1: Swinging Strike 1-2: Strikes out swinging
|
|
Batting: RHB Giancarlo Stanton
|
0-0: Ball 1-0: Called Strike 1-1: Ball 2-1: Ball 3-1: Foul Ball, location: 23FF 3-2: Foul Ball, location: 3F 3-2: Ground out 6-3 (Groundball, 6, EV 101.9 MPH)
|
| Bottom of the 8th over - 0 runs, 0 hits, 0 errors, 0 left on base; Cleveland 2 - Los Angeles 6 |
| TOP OF THE 9TH |
|
Cleveland Guardians batting - Pitching for Los Angeles Angels : RHP Derek Henderson
|
|
Batting: RHB Juan Martínez
|
0-0: Ball 1-0: Fly out, F9 (Flyball, 89S, EV 91.9 MPH)
|
|
Batting: RHB Ernie Jones
|
0-0: Ball 1-0: Foul Ball, location: 2LF 1-1: Foul Ball, location: 2F 1-2: Ball 2-2: Fly out, F8 (Flyball, 8LD, EV 97.5 MPH)
|
|
Batting: RHB Vladimir Guerrero Jr.
|
0-0: Foul Ball, location: 3FF 0-1: TRIPLE (Flyball, 89XD, EV 105.6 MPH)
|
|
Batting: RHB Liam Thompson
|
0-0: Swinging Strike 0-1: Ball 1-1: Ball 2-1: Foul Ball, location: 2F 2-2: SINGLE (Line Drive, 8LS, EV 104.4 MPH) Vladimir Guerrero Jr. scores
|
|
Pitching: LHP Héctor Rosado
|
|
|
Batting: RHB Juan González
|
0-0: Called Strike 0-1: Swinging Strike 0-2: Strikes out swinging
|
| Top of the 9th over - 1 run, 2 hits, 0 errors, 1 left on base; Cleveland 3 - Los Angeles 6 |
|